 Dungeon Crawl Stone Soup version 0.31.0-12-g77e489cdc1 (webtiles) character file.

Game seed: 11928662145198674767

704 Gadfly the Shooter (level 7, -4/43 HPs)
             Began as a Kobold Hunter on Feb 15, 2024.
             Slain by Grinder (7 damage)
             ... on level 5 of the Dungeon.
             The game lasted 00:05:26 (4867 turns).

Gadfly the Shooter (Kobold Hunter)                  Turns: 4867, Time: 00:05:26

Health: -4/43      AC:  7    Str:  8    XL:     7   Next: 99%
Magic:  10/10      EV: 16    Int: 10    God:
Gold:   143        SH:  0    Dex: 21    Spells: 0/6 levels left

rFire   . . .        a - +0 shortbow
rCold   . . .        (shield currently unavailable)
rNeg    . . .        c - +1 leather armour
rPois   +            (no helmet)
rElec   .            p - +2 cloak {rPois}
rCorr   +            (no gloves)
SInv    .            (no boots)
Will    +....        (no amulet)
Stlth   +++          h - ring of resist corrosion
HPRegen 0.27/turn    (no ring)
MPRegen 0.12/turn

%: no passive effects
@: attractive, enlightened, flying
A: small, no large weapons, nightstalker 3
a: no special abilities


You were on level 5 of the Dungeon.
You visited 1 branch of the dungeon, and saw 5 of its levels.

You collected 215 gold pieces.
You spent 72 gold pieces at shops.

Inventory:

Hand Weapons
 a - a +0 shortbow (weapon)
 b - the +5 hand axe "Rixy" {protect, Will+ Int-5 Stlth+}
   (You found it on level 3 of the Dungeon)

   Int-5:     It affects your intelligence (-5).
   Will+:     It increases your willpower.
   Stlth+:    It makes you more stealthy.
 k - a +4 quarterstaff of chaos
Armour
 c - a +1 leather armour (worn)
 p - a +2 cloak of poison resistance (worn)
Jewellery
 h - a ring of resist corrosion (left hand)
 s - a ring of fire
Wands
 f - a wand of mindburst (6)
Scrolls
 g - 2 scrolls of vulnerability
 j - a scroll of enchant armour
 q - a scroll of butterflies
 t - a scroll of fear
Potions
 d - a potion of curing
 i - 4 potions of mutation
 l - a potion of haste
 m - a potion of lignification
 n - 2 potions of resistance


   Skills:
 * Level 4.1 Fighting
 + Level 6.6 Ranged Weapons
 * Level 4.3 Dodging
 - Level 1.3 Stealth
 * Level 4.4 Invocations
 + Level 4.9 Evocations


You couldn't memorise any spells.
You knew the following spells:

 Your Spells              Type           Power      Damage    Failure   Level
a - Blink                 Tloc           0%         N/A       63%         2
b - Swiftness             Air            0%         N/A       86%         3
c - Apportation           Tloc           0%         N/A       50%         1

Your spell library contained the following spells:

 Spells                   Type           Power      Damage    Failure   Level
 Magic Dart               Conj           0%         1d3       50%         1
 Necrotise                Necr           0%         1d4       50%         1
 Shock                    Conj/Air       0%         1d3       50%         1
 Sting                    Conj/Alch      0%         1d3       50%         1
 Summon Small Mammal      Summ           0%         N/A       50%         1
 Call Imp                 Summ           0%         N/A       63%         2
 Lesser Beckoning         Tloc           0%         N/A       63%         2
 Momentum Strike          Conj/Tloc      0%         3d8       63%         2
 Airstrike                Air            0%         2d(0-16)  99%         4


Dungeon Overview and Level Annotations

Branches:
Dungeon (5/15)             Temple (0/1) D:5

Altars:
Cheibriados
Dithmenos
Sif Muna
Trog
Yredelemnul

Shops:
D:3 *

Annotations:
D:5 Grinder


Innate Abilities, Weirdness & Mutations

You are small and have problems with some larger weapons.
You are completely attuned to the shadows.


Message History

The orc looks frightened!
The orc shouts, "No!
I'll never do that again!"
Grinder blinks!
The ufetubus is attracted toward you. The orc is attracted toward you.
The jackal is attracted toward you. Grinder is attracted toward you.
You shoot an arrow. The arrow misses the ufetubus.
Grinder blinks!
The jackal is attracted toward you. The ufetubus is attracted toward you.
You shoot an arrow. The arrow hits Grinder.
Your attack snaps Grinder out of her fear.
Grinder is heavily wounded.
Grinder hits you.
* * * LOW HITPOINT WARNING * * *
The jackal is attracted toward you. The ufetubus is attracted toward you.
The orc is attracted toward you.
You shoot an arrow. The arrow hits Grinder.
Grinder is severely wounded.
Grinder closely misses you. The ufetubus is attracted toward you.
The jackal is attracted toward you. The orc is attracted toward you.
You shoot an arrow. The arrow hits Grinder.
Grinder is severely wounded.
Grinder blinks!
The ufetubus is attracted toward you. The orc is attracted toward you.
Unknown command.
You shoot an arrow. The arrow hits the orc!
You kill the orc!
Grinder gestures at you. You resist with almost no effort.
Grinder blinks!
The orc is attracted toward you. Grinder is attracted toward you.
The ufetubus is attracted toward you.
You shoot an arrow. The arrow hits the orc.
The orc is heavily wounded.
The orc barely misses you. Grinder closely misses you.
The ufetubus is attracted toward you.
You shoot an arrow. The arrow closely misses the orc.
The orc completely misses you.
Grinder blinks!
The ufetubus is attracted toward you.
Unknown command.
You shoot an arrow. The arrow barely misses the orc.
Grinder hits you!
You die...
Grinder says, "Now the real fun starts!"

*,*******,*******,,,,,,**,,,,
****,*,,,,,,,,,,,**,,,**,,,**,,,
**,,,,,,,,,,**,,,**,,**~**,,,***,
,,,,***,***,,,,,,,,,*******,,∩*,,
*,*,*,,,,,*,####....#******,,⌠**,
*,*,*,⌠,⌠,*,..#####..**~**,,,###.
,,*,,,,⌠,,,,..######.,,**,,,*#.#.
*,*,*,⌠,⌠,*,..#######,,,,,,**#.#.
,,,,*,,,,,*,....@5########## #.#.
*,*****,****#§###o.5.##.#..###.#.
,,,,*,,,,,*8...8#.##.....#..##...
,,,,*,,,,,*,....#.####...##......
,,,,,,,,,,,,.8....####...........
..o,*,,,,,*,,,,.#.# #...########
oTW,*,,,,,*8,,.8#.# #...#
#o###**,*****,***,* #...#
....#,,,,,*,,,,,,,* #...# ******


You could see Grinder, an ufetubus (fleeing) and an orc.

Vanquished Creatures
  Sigmund (D:3)
  A black bear (D:5)
  A weeping skull (D:4)
  A scorpion (D:4)
  A bombardier beetle (D:4)
  A hound (D:4)
  Crazy Yiuf (D:3)
  Ijyb (D:3)
  2 iguanas (D:4)
  9 adders
  A shadow imp (D:5)
  4 dart slugs
  A ribbon worm (D:4)
  An orc (D:5)
  9 ball pythons
  7 bats
  7 endoplasms
  4 giant cockroaches (D:4)
  6 goblins
  6 hobgoblins
  2 jackals (D:1)
  7 kobolds
  A quokka (D:2)
  3 frilled lizards
  6 rats
  A spectral orc (D:4)
85 creatures vanquished.

Notes
Turn   | Place    | Note
-------+----------+-------------------------------------------
     0 | D:1      | Gadfly the Kobold Hunter began the quest for the Orb.
     0 | D:1      | Reached XP level 1. HP: 12/12 MP: 1/1
   169 | D:1      | Reached XP level 2. HP: 12/17 MP: 2/2
   202 | D:1      | Reached skill level 1 in Evocations
   240 | D:1      | Reached skill level 1 in Invocations
   360 | D:1      | Reached XP level 3. HP: 17/22 MP: 3/3
  1415 | D:2      | Reached XP level 4. HP: 27/27 MP: 5/5
  2161 | D:3      | Noticed Ijyb
  2171 | D:3      | Killed Ijyb
  2172 | D:3      | Reached XP level 5. HP: 16/32 MP: 6/6
  2450 | D:3      | Found Hatiet's Assorted Antiques.
  2455 | D:3      | Bought 2 sapphire potions for 36 gold pieces
  2455 | D:3      | Bought 2 lumpy orange potions for 36 gold pieces
  2803 | D:3      | Identified the +5 hand axe "Rixy" {protect, Will+ Int-5
                  | Stlth+}
  3298 | D:3      | Found a shimmering blue altar of Sif Muna.
  3300 | D:3      | Found a bloodstained altar of Trog.
  3398 | D:3      | Noticed Sigmund
  3405 | D:3      | Killed Sigmund
  3406 | D:3      | Reached skill level 6 in Ranged Weapons
  3406 | D:3      | Reached XP level 6. HP: 17/37 MP: 6/8
  3515 | D:3      | Found a runed translucent door.
  3518 | D:3      | Noticed Crazy Yiuf
  3566 | D:3      | Killed Crazy Yiuf
  3581 | D:3      | Learned a level 2 spell: Blink
  3585 | D:3      | Learned a level 3 spell: Swiftness
  3802 | D:4      | Noticed an ice beast
  4041 | D:4      | Reached XP level 7. HP: 35/41 MP: 9/9
  4318 | D:4      | Found a shadowy altar of Dithmenos.
  4512 | D:4      | Found a basalt altar of Yredelemnul.
  4550 | D:4      | Found a snail-covered altar of Cheibriados.
  4593 | D:4      | Learned a level 1 spell: Apportation
  4599 | D:5      | Entered Level 5 of the Dungeon
  4601 | D:5      | Noticed a shadow
  4601 | D:5      | Noticed Grinder
  4602 | D:5      | Noticed a troll
  4849 | D:5      | Paralysed by Grinder for 4 turns
  4855 | D:5      | HP: 2/43 [Grinder (3)]
  4861 | D:5      | HP: 1/43 [Grinder (2)]
  4867 | D:5      | Slain by Grinder

Illustrated notes

Levels and vault maps discovered:
D:1:      ncdulo_lavacross, layout_basic, minmay_heptomino_l4
D:2:      layout_loops_corners
D:3:      layout_basic, hellmonk_overflow_destroyed_library, serial_shops, shop,
          nicolae_figureground_sparkle, uniq_ijyb, uniq_sigmund,
          uniq_crazy_yiuf_cottage
D:4:      layout_cave_pools, overflow_temple_1_default,
          yredelemnul_forgotten_temple_becter, kennysheep_mini
D:5:      layout_basic, mainiacjoe_overflow_swirl, lemuel_temple_firewalk_a,
          serial_bayou_pond_a, nicolae_shop_dragon_depot,
          minmay_chambers_of_fives, uniq_eustachio, uniq_menkaure, uniq_grinder

Skill      XL: |  1  2  3  4  5  6  7 |
---------------+----------------------+-----
Evocations     | 1 2 3 4 |  4.9
Invocations    | 1 2 3 4 |  4.4
Dodging        | 3 4 |  4.3
Fighting       | 3 4 |  4.1
Ranged Weapons | 6 |  6.6
Stealth        | |  1.3

Action                     |  1- 3 |  4- 6 |  7- 9 || total
---------------------------+-------+-------+-------++-------
  Melee: Hand axe          |       |    14 |    67 ||    81
         Punch             |       |       |     2 ||     2
   Fire: Shortbow          |    78 |   112 |    37 ||   227
    Use: Scroll            |     5 |     4 |     4 ||    13
         Potion            |       |     3 |     4 ||     7
   Stab: Distracted        |       |     1 |       ||     1
         Sleeping          |       |       |     7 ||     7
 Armour: Leather armour    |    12 |    32 |    82 ||   126
  Dodge: Dodged            |    20 |    53 |   109 ||   182
